Eagles vs Griffins

Created - November 13, 2025 at 19:03

Goals
1 2 3 T
Eagles 1 0 1 2
Griffins 0 1 2 3
Shots
1 2 3 T
Eagles 9 9 8 26
Griffins 6 13 11 30

1st period

1. Eagles , Brett Leason 2 (Santeri Hatakka 1) at 18:17

Penalties :
Michael McLeod (Col) for Interference (Minor) at 3:46, Tyler Motte (Col) for Cross-checking (Minor) at 10:32, Elmer Soderblom (Col) for Slashing (Minor) at 13:03

2nd period

2. Griffins , Pavel Kraskovsky 4 (Yegor Sharangovich 2) at 11:55

Penalties :
Tyler Motte (Col) for Roughing (Minor) at 0:26, Tyler Motte (Col) for Tripping (Minor) at 6:41, Zach Aston-Reese (Col) for Holding (Minor) at 12:58

3rd period

3. Griffins , Pavel Kraskovsky 5 (Grigori Denisenko 1, Simon Benoit 1) at 2:46
4. Eagles , Michael McLeod 1 (Santeri Hatakka 2, Gabriel Vilardi 2) at 6:44
5. Griffins , Pavel Kraskovsky 6 (Simon Benoit 2) at 8:25

Penalties :
Ian McCoshen (Gra) for Holding (Minor) at 10:02, Michael Bunting (Gra) for Tripping (Minor) at 16:34

Goalie Stats

Devon Levi (Col), 27 saves from 30 shots - (0.900), L, 0-1-0, 59:37 minutes
Adam Werner (Gra), 24 saves from 26 shots - (0.923), W, 3-0-0, 60:00 minutes

Players Stats for Eagles

Player Name              G  A  P  +/- PIM S  H  SB GA TA FO     MP     PP MP  PK MP  
------------------------------------------------------------------------------------
                         0  0  0   0  0   0  0  0  0  0  0/0     0:00   0:00   0:00 
                         0  0  0   0  0   0  0  0  0  0  0/0     0:00   0:00   0:00 
                         0  0  0   0  0   0  0  0  0  0  0/0     0:00   0:00   0:00 
                         0  0  0   0  0   0  0  0  0  0  0/0     0:00   0:00   0:00 
                         0  0  0   0  0   0  0  0  0  0  0/0     0:00   0:00   0:00 
                         0  0  0   0  0   0  0  0  0  0  0/0     0:00   0:00   0:00 
                         0  0  0   0  0   0  0  0  0  0  0/0     0:00   0:00   0:00 
Brett Leason             1  0  1   0  0   3  1  0  0  0  0/0     8:02   1:46   0:00 
Elmer Soderblom          0  0  0   0  2   2  0  0  0  1  0/0     6:26   0:00   0:00 
Gabriel Vilardi          0  1  1   0  0   2  0  0  1  0  0/1    17:41   2:12   1:59 
Justin Barron            0  0  0   1  0   0  2  0  0  0  0/0    17:22   2:03   0:03 
Keaton Middleton         0  0  0  -2  0   4  1  2  0  0  0/0    23:59   1:55   6:53 
Kevin Bahl               0  0  0  -2  0   0  0  0  0  1  0/0    18:42   0:00   5:01 
Matteson Iacopelli       0  0  0   0  0   0  0  0  0  2  0/0    10:13   0:00   0:00 
Matthew Phillips         0  0  0  -1  0   1  3  1  0  0  0/1    13:31   0:00   0:00 
Mattias Samuelsson       0  0  0   0  0   1  0  1  0  2  0/0    23:41   2:03   6:50 
Max Lajoie               0  0  0   0  0   1  1  0  1  1  0/0    20:45   1:55   5:01 
Michael Carcone          0  0  0   0  0   3  1  0  0  0  0/0    19:50   2:12   3:47 
Michael McLeod           1  0  1   0  2   4  1  0  0  0  17/26  19:57   2:12   4:10 
Pius Suter               0  0  0   0  0   0  0  0  0  0  0/1    12:36   1:46   0:36 
Sam Steel                0  0  0  -1  0   2  2  0  1  0  12/28  20:08   0:00   6:20 
Santeri Hatakka          0  2  2   1  0   1  2  0  0  0  0/0    15:31   0:00   0:00 
Tyler Motte              0  0  0  -1  6   1  1  0  0  1  0/0    17:03   0:00   2:58 
Vasili Ponomaryov        0  0  0   0  0   1  0  0  0  0  0/2     9:41   0:00   3:25 
Zach Aston-Reese         0  0  0   0  2   0  4  0  0  1  1/4    12:52   1:46   0:33 

Players Stats for Griffins

Player Name              G  A  P  +/- PIM S  H  SB GA TA FO     MP     PP MP  PK MP  
------------------------------------------------------------------------------------
                         0  0  0   0  0   0  0  0  0  0  0/0     0:00   0:00   0:00 
                         0  0  0   0  0   0  0  0  0  0  0/0     0:00   0:00   0:00 
                         0  0  0   0  0   0  0  0  0  0  0/0     0:00   0:00   0:00 
                         0  0  0   0  0   0  0  0  0  0  0/0     0:00   0:00   0:00 
                         0  0  0   0  0   0  0  0  0  0  0/0     0:00   0:00   0:00 
                         0  0  0   0  0   0  0  0  0  0  0/0     0:00   0:00   0:00 
Alex Laferriere          0  0  0  -1  0   1  0  0  0  0  1/2    16:36   6:57   0:00 
Anton Blidh              0  0  0   0  0   9  1  0  1  0  0/2    18:38   6:47   2:12 
Anton Lundell            0  0  0  -1  0   0  0  0  0  0  5/7    11:29   0:00   2:20 
Braden Schneider         0  0  0   0  0   0  0  0  0  0  0/0     4:55   0:00   0:58 
Brycen Martin            0  0  0   0  0   0  2  1  1  1  0/0    15:05   0:00   1:50 
Grigori Denisenko        0  1  1   2  0   0  1  1  0  0  1/1    20:02   4:43   0:00 
Ian McCoshen             0  0  0   0  2   3  1  1  2  0  0/0    25:09   4:57   0:52 
Jack Studnicka           0  0  0   0  0   1  2  0  0  0  1/1    15:28   4:43   0:00 
Joonas Lyytinen          0  0  0   1  0   1  0  0  0  0  0/0    14:57   0:00   2:08 
Michael Bunting          0  0  0   0  2   0  0  1  0  0  1/1    10:21   0:23   0:00 
Morgan Frost             0  0  0   0  0   2  0  1  0  0  6/10   15:34   4:44   0:56 
Pavel Kraskovsky         3  0  3   2  0   8  1  0  2  0  16/34  22:41   6:47   0:42 
Philip Broberg           0  0  0   0  0   1  0  2  0  1  0/0    10:40   0:00   2:08 
Samuel Poulin            0  0  0   0  0   0  2  0  0  0  0/0     9:32   0:24   0:00 
Sebastian Ahaut          0  0  0   0  0   1  1  3  1  1  0/0    24:10   6:57   0:00 
Simon Benoit             0  2  2   1  0   2  0  1  1  0  0/0    17:57   4:57   0:00 
Viktor Lodin             0  0  0   0  0   1  1  1  1  0  2/3     9:16   0:00   0:00 
Will Cuylle              0  0  0  -1  0   0  1  0  0  0  0/0    10:49   0:24   1:04 
Yegor Sharangovich       0  1  1   2  0   0  1  0  0  0  0/2    22:41   6:47   0:42 

3 Stars

1 - Pavel Kraskovsky (Gra)
2 - Santeri Hatakka (Col)
3 - Simon Benoit (Gra)

Power Play

Eagles - 0 on 2 Attempt(s) - 0.00%
Griffins - 0 on 6 Attempt(s) - 0.00%

Penalty Kill

Eagles - 6 on 6 Attempt(s) - 100.00% - Score 0 goal in Penalty Kill
Griffins - 2 on 2 Attempt(s) - 100.00% - Score 0 goal in Penalty Kill

Team Stat

Eagles - Hits : 19 - Faceoff Wins : 30 - Blocked Shots : 4 - Penalty Minutes : 12
Griffins - Hits : 14 - Faceoff Wins : 33 - Blocked Shots : 12 - Penalty Minutes : 4

Official

Referees : Jacob Brenk and Eric Furlatt
Linesman : Derek Amell and Pierre Racicot

Game Notes

Pavel Kraskovsky has scored a Hat Trick!

Finance

Level 1 -- Attendance: 1697 (84.85%) -- Ticket Income $118,790
Level 2 -- Attendance: 953 (95.30%) -- Ticket Income $38,120
Total Attendance: 2650 (88.33%)
Total Ticket Income: $156,910
Other Income: $7,846
Total Income: $164,756

Eagles

5 vs 5 Forward 
   Center                   Left Wing                Right Wing               Time % Phy DF OF 
 1 Michael McLeod           Michael Carcone          Gabriel Vilardi          35     1   2  2  
 2 Sam Steel                Tyler Motte              Matthew Phillips         34     1   2  2  
 3 Zach Aston-Reese         Pius Suter               Matteson Iacopelli       21     1   2  2  
 4 Vasili Ponomaryov        Elmer Soderblom          Brett Leason             10     1   2  2  

5 vs 5 Defense 
   Defense                  Defense                                           Time % Phy DF OF 
 1 Kevin Bahl               Keaton Middleton                                  34     1   2  2  
 2 Max Lajoie               Mattias Samuelsson                                33     1   2  2  
 3 Justin Barron            Santeri Hatakka                                   30     1   3  1  
 4 Justin Barron            Santeri Hatakka                                   3      1   2  2  

PowerPlay Forward 
   Center                   Left Wing                Right Wing               Time % Phy DF OF 
 1 Michael McLeod           Michael Carcone          Gabriel Vilardi          50     1   1  3  
 2 Zach Aston-Reese         Pius Suter               Brett Leason             50     1   1  3  

PowerPlay Defense
   Defense                  Defense                                           Time % Phy DF OF 
 1 Keaton Middleton         Max Lajoie                                        50     1   1  3  
 2 Mattias Samuelsson       Justin Barron                                     50     1   1  3  

Penalty Kill 4 Players Forward 
   Center                   Wing                     Time % Phy DF OF 
 1 Sam Steel                Tyler Motte              65     1   3  1  
 2 Michael McLeod           Gabriel Vilardi          35     1   3  1  

Penalty Kill 4 Players Defense
   Defense                  Defense                  Time % Phy DF OF 
 1 Keaton Middleton         Mattias Samuelsson       65     1   3  1  
 2 Kevin Bahl               Max Lajoie               35     1   3  1  

Penalty Kill - 3 Players Forward 
   Forward                                           Time % Phy DF OF 
 1 Tyler Motte                                       65     1   4  0  
 2 Sam Steel                                         35     1   4  0  

Penalty Kill - 3 Players Defense
   Defense                  Defense                  Time % Phy DF OF 
 1 Keaton Middleton         Mattias Samuelsson       70     1   4  0  
 2 Kevin Bahl               Max Lajoie               30     1   4  0  

4 vs 4 Forward 
   Center                   Wing                     Time % Phy DF OF 
 1 Michael McLeod           Gabriel Vilardi          50     1   2  2  
 2 Sam Steel                Matteson Iacopelli       50     1   2  2  

4 vs 4 Defense
   Defense                  Defense                  Time % Phy DF OF 
 1 Keaton Middleton         Kevin Bahl               50     1   2  2  
 2 Max Lajoie               Mattias Samuelsson       50     1   2  2  

Last Minutes Offensive
   Center                   Left Wing                Right Wing               Defense                  Defense                  
   Michael McLeod           Michael Carcone          Gabriel Vilardi          Keaton Middleton         Mattias Samuelsson       

Last Minutes Defensive
   Center                   Left Wing                Right Wing               Defense                  Defense                  
   Sam Steel                Tyler Motte              Gabriel Vilardi          Keaton Middleton         Kevin Bahl               

Goaltenders
Starting : Devon Levi               
Backup : Daniel Altshuller        

Extra Forwards
Normal : Matthew Phillips, Tyler Motte, Brett Leason - PP : Tyler Motte, Matthew Phillips - PK : Michael McLeod
Extra Defensemen
Normal : Mattias Samuelsson, Justin Barron, Santeri Hatakka - PP : Santeri Hatakka - PK : Justin Barron, Santeri Hatakka
Penalty Shots
Michael McLeod, Gabriel Vilardi, Pius Suter, Brett Leason, Sam Steel
Custom OT Lines Forwards
Michael Carcone, Tyler Motte, Gabriel Vilardi, Zach Aston-Reese, Michael McLeod, Sam Steel, Pius Suter, Matthew Phillips, Matteson Iacopelli, Brett Leason
Custom OT Lines Defensemen
Keaton Middleton, Mattias Samuelsson, Max Lajoie, Kevin Bahl, Justin Barron

Scratches
Jack Hughes (Left Hand Injury), Nils Aman (Strained Left Knee Injury), Chris Calhan (Healthy), Dominik Kubalik (Healthy), Jonathan Racine (Healthy)
Patrick Guay (Healthy), Mark Friedman (Healthy), Tyler Tucker (Healthy), Michael Dal Colle (Healthy), Alexander Nylander (Healthy)
Marian Studenic (Healthy), Ilya Nikolaev (Healthy), Jacob Leguerrier (Healthy), Calle Clang (Healthy), Hugo Alnefelt (Healthy)

Griffins

5 vs 5 Forward 
   Center                   Left Wing                Right Wing               Time % Phy DF OF 
 1 Pavel Kraskovsky         Grigori Denisenko        Yegor Sharangovich       40     1   2  2  
 2 Morgan Frost             Anton Blidh              Jack Studnicka           30     1   2  2  
 3 Anton Lundell            Will Cuylle              Alex Laferriere          20     1   2  2  
 4 Viktor Lodin             Michael Bunting          Samuel Poulin            10     1   2  2  

5 vs 5 Defense 
   Defense                  Defense                                           Time % Phy DF OF 
 1 Ian McCoshen             Sebastian Ahaut                                   40     1   2  2  
 2 Joonas Lyytinen          Simon Benoit                                      30     1   2  2  
 3 Philip Broberg           Brycen Martin                                     20     1   2  2  
 4 Braden Schneider         Brycen Martin                                     10     1   2  2  

PowerPlay Forward 
   Center                   Left Wing                Right Wing               Time % Phy DF OF 
 1 Pavel Kraskovsky         Anton Blidh              Yegor Sharangovich       60     1   2  2  
 2 Morgan Frost             Grigori Denisenko        Jack Studnicka           40     1   2  2  

PowerPlay Defense
   Defense                  Defense                                           Time % Phy DF OF 
 1 Sebastian Ahaut          Alex Laferriere                                   60     1   2  2  
 2 Simon Benoit             Ian McCoshen                                      40     1   2  2  

Penalty Kill 4 Players Forward 
   Center                   Wing                     Time % Phy DF OF 
 1 Anton Lundell            Anton Blidh              60     1   2  2  
 2 Pavel Kraskovsky         Yegor Sharangovich       40     1   2  2  

Penalty Kill 4 Players Defense
   Defense                  Defense                  Time % Phy DF OF 
 1 Joonas Lyytinen          Philip Broberg           60     1   2  2  
 2 Ian McCoshen             Brycen Martin            40     1   2  2  

Penalty Kill - 3 Players Forward 
   Forward                                           Time % Phy DF OF 
 1 Anton Lundell                                     60     1   2  2  
 2 Yegor Sharangovich                                40     1   2  2  

Penalty Kill - 3 Players Defense
   Defense                  Defense                  Time % Phy DF OF 
 1 Joonas Lyytinen          Philip Broberg           60     1   2  2  
 2 Ian McCoshen             Brycen Martin            40     1   2  2  

4 vs 4 Forward 
   Center                   Wing                     Time % Phy DF OF 
 1 Pavel Kraskovsky         Yegor Sharangovich       60     1   2  2  
 2 Morgan Frost             Anton Blidh              40     1   2  2  

4 vs 4 Defense
   Defense                  Defense                  Time % Phy DF OF 
 1 Ian McCoshen             Simon Benoit             60     1   2  2  
 2 Sebastian Ahaut          Joonas Lyytinen          40     1   2  2  

Last Minutes Offensive
   Center                   Left Wing                Right Wing               Defense                  Defense                  
   Pavel Kraskovsky         Anton Blidh              Yegor Sharangovich       Ian McCoshen             Joonas Lyytinen          

Last Minutes Defensive
   Center                   Left Wing                Right Wing               Defense                  Defense                  
   Anton Lundell            Michael Bunting          Jack Studnicka           Ian McCoshen             Joonas Lyytinen          

Goaltenders
Starting : Adam Werner              
Backup : Ivan Prosvetov           

Extra Forwards
Normal : Alex Laferriere, Viktor Lodin, Grigori Denisenko - PP : Alex Laferriere, Will Cuylle - PK : Morgan Frost
Extra Defensemen
Normal : Braden Schneider, Simon Benoit, Philip Broberg - PP : Joonas Lyytinen - PK : Braden Schneider, Brycen Martin
Penalty Shots
Yegor Sharangovich, Alex Laferriere, Jack Studnicka, Viktor Lodin, Pavel Kraskovsky
Custom OT Lines Forwards
Yegor Sharangovich, Pavel Kraskovsky, Anton Blidh, Morgan Frost, Grigori Denisenko, Alex Laferriere, Jack Studnicka, Will Cuylle, Anton Lundell, Viktor Lodin
Custom OT Lines Defensemen
Joonas Lyytinen, Ian McCoshen, Simon Benoit, Sebastian Ahaut, Brycen Martin

Scratches
Riley Duran (Healthy), Scott Reedy (Healthy), Jack Ramsey (Healthy), Maxim Mamin (Healthy), Conor Timmins (Healthy)
Oskar Steen (Healthy), Nick Swaney (Healthy), Dominik Bokk (Healthy), Vladislav Kolyachonok (Healthy), Philippe Desrosiers (Healthy)

% Time on Ice - Eagles

Lines # - Real PCT - Wanted PCT - Time Play
Normal Forward
1 - 31% - 35% - 13:11
2 - 31% - 34% - 13:32
3 - 24% - 21% - 10:13
4 - 14% - 10% - 6:15
Normal Defense
1 - 34% - 34% - 14:35
2 - 32% - 33% - 13:46
3 - 34% - 30% - 14:50
4 - 0% - 3% - 0:00
PP Forward
1 - 55% - 50% - 2:12
2 - 45% - 50% - 1:46
PP Defense
1 - 48% - 50% - 1:55
2 - 52% - 50% - 2:03
PK Forward
1 - 83% - 65% - 9:55
2 - 17% - 35% - 1:59
PK Defense
1 - 58% - 65% - 6:53
2 - 42% - 35% - 5:01
PK3 Forward
1 - 0% - 65%
2 - 0% - 35%
PK3 Defense
1 - 0% - 70%
2 - 0% - 30%
44 Forward
1 - 0% - 50%
2 - 0% - 50%
44 Defense
1 - 0% - 50%
2 - 0% - 50%
Last Minute Offensive  - 0:57
Last Minute Defensive  - 0:00
Total
Forward - 60:00
Defense - 60:00

% Time on Ice - Griffins

Lines # - Real PCT - Wanted PCT - Time Play
Normal Forward
1 - 36% - 40% - 15:23
2 - 23% - 30% - 9:54
3 - 21% - 20% - 9:02
4 - 21% - 10% - 8:55
Normal Defense
1 - 40% - 40% - 17:13
2 - 32% - 30% - 13:38
3 - 20% - 20% - 8:32
4 - 9% - 10% - 3:51
PP Forward
1 - 60% - 60% - 7:10
2 - 40% - 40% - 4:44
PP Defense
1 - 58% - 60% - 6:57
2 - 42% - 40% - 4:57
PK Forward
1 - 82% - 60% - 3:16
2 - 18% - 40% - 0:42
PK Defense
1 - 54% - 60% - 2:08
2 - 46% - 40% - 1:50
PK3 Forward
1 - 0% - 60%
2 - 0% - 40%
PK3 Defense
1 - 0% - 60%
2 - 0% - 40%
44 Forward
1 - 0% - 60%
2 - 0% - 40%
44 Defense
1 - 0% - 60%
2 - 0% - 40%
Last Minute Offensive  - 0:00
Last Minute Defensive  - 0:54
Total
Forward - 60:00
Defense - 60:00

Play-by-Play

1st period


0:01 of 1st period - Michael McLeod wins face-off versus Pavel Kraskovsky in neutral zone.
0:39 of 1st period - Snap shot by Zach Aston-Reese.
0:39 of 1st period - Shot Misses the Net.
0:56 of 1st period - Snap shot by Anton Blidh.
0:56 of 1st period - Stopped by Devon Levi without a rebound.
0:57 of 1st period - Anton Lundell wins face-off versus Vasili Ponomaryov in Eagles zone.
1:42 of 1st period - Wrist shot by Morgan Frost.
1:42 of 1st period - Stopped by Devon Levi without a rebound.
1:43 of 1st period - Michael McLeod wins face-off versus Viktor Lodin in Eagles zone.
1:56 of 1st period - Wrist shot by Michael McLeod.
1:56 of 1st period - Shot Blocked by Viktor Lodin.
2:32 of 1st period - Snap shot by Grigori Denisenko.
2:32 of 1st period - Shot Misses the Net.
3:02 of 1st period - Joonas Lyytinen is hit by Michael Carcone and loses puck.
3:13 of 1st period - Snap shot by Brett Leason.
3:13 of 1st period - Stopped by Adam Werner with a rebound.
3:17 of 1st period - Wrist shot by Brett Leason.
3:17 of 1st period - Stopped by Adam Werner with a rebound.
3:19 of 1st period - Snap shot by Elmer Soderblom.
3:19 of 1st period - Stopped by Adam Werner without a rebound.
3:20 of 1st period - Pavel Kraskovsky wins face-off versus Sam Steel in Griffins zone.
3:46 of 1st period - Minor Penalty to Michael McLeod for Interference.
3:47 of 1st period - Pavel Kraskovsky wins face-off versus Sam Steel in Eagles zone.
5:46 of 1st period - Penalty to Michael McLeod is over, Michael McLeod is back on ice.
7:43 of 1st period - Snap shot by Brett Leason.
7:43 of 1st period - Shot Misses the Net.
7:45 of 1st period - Snap shot by Elmer Soderblom.
7:45 of 1st period - Shot Misses the Net.
7:47 of 1st period - Slapshot by Max Lajoie.
7:47 of 1st period - Shot Misses the Net.
7:57 of 1st period - Brycen Martin is hit by Sam Steel and loses puck.
8:22 of 1st period - Sebastian Ahaut is hit by Zach Aston-Reese and loses puck.
9:23 of 1st period - Ian McCoshen is hit by Max Lajoie and loses puck.
9:41 of 1st period - Snap shot by Matteson Iacopelli.
9:41 of 1st period - Shot Misses the Net.
9:57 of 1st period - Slapshot by Matthew Phillips.
9:57 of 1st period - Shot Misses the Net.
9:59 of 1st period - Slapshot by Max Lajoie.
9:59 of 1st period - Stopped by Adam Werner without a rebound.
10:00 of 1st period - Sam Steel wins face-off versus Pavel Kraskovsky in Griffins zone.
10:06 of 1st period - Icing by Grigori Denisenko.
10:07 of 1st period - Michael McLeod wins face-off versus Pavel Kraskovsky in Griffins zone.
10:08 of 1st period - Wrist shot by Gabriel Vilardi.
10:08 of 1st period - Deflect By Michael McLeod.
10:08 of 1st period - Stopped by Adam Werner with a rebound.
10:18 of 1st period - Slapshot by Pavel Kraskovsky.
10:18 of 1st period - Stopped by Devon Levi with a rebound.
10:20 of 1st period - Slapshot by Simon Benoit.
10:20 of 1st period - Stopped by Devon Levi without a rebound.
10:21 of 1st period - Morgan Frost wins face-off versus Sam Steel in Eagles zone.
10:32 of 1st period - Minor Penalty to Tyler Motte for Cross-checking.
10:33 of 1st period - Pavel Kraskovsky wins face-off versus Sam Steel in Eagles zone.
10:37 of 1st period - Wrist shot by Pavel Kraskovsky.
10:37 of 1st period - Stopped by Devon Levi with a rebound.
10:39 of 1st period - Wrist shot by Anton Blidh.
10:39 of 1st period - Shot Blocked by Mattias Samuelsson.
12:32 of 1st period - Penalty to Tyler Motte is over, Tyler Motte is back on ice.
12:47 of 1st period - Snap shot by Tyler Motte.
12:47 of 1st period - Shot Misses the Net.
12:49 of 1st period - Slapshot by Mattias Samuelsson.
12:49 of 1st period - Shot Misses the Net.
12:51 of 1st period - Wrist shot by Tyler Motte.
12:51 of 1st period - Deflect By Zach Aston-Reese.
12:51 of 1st period - Shot Blocked by Brycen Martin.
12:51 of 1st period - Puck is out of play.
12:52 of 1st period - Anton Lundell wins face-off versus Vasili Ponomaryov in Griffins zone.
12:52 of 1st period - Anton Lundell is hit by Santeri Hatakka.
13:03 of 1st period - Minor Penalty to Elmer Soderblom for Slashing.
13:04 of 1st period - Sam Steel wins face-off versus Anton Blidh in Eagles zone.
13:29 of 1st period - Morgan Frost is hit by Michael McLeod and loses puck.
14:16 of 1st period - Kevin Bahl is hit by Jack Studnicka and loses puck.
15:03 of 1st period - Penalty to Elmer Soderblom is over, Elmer Soderblom is back on ice.
15:07 of 1st period - Max Lajoie is hit by Samuel Poulin and loses puck.
15:20 of 1st period - Wrist shot by Zach Aston-Reese.
15:20 of 1st period - Shot Misses the Net.
16:59 of 1st period - Grigori Denisenko is hit by Zach Aston-Reese and loses puck.
17:14 of 1st period - Pavel Kraskovsky is hit by Matthew Phillips and loses puck.
17:56 of 1st period - Sebastian Ahaut is hit by Brett Leason and loses puck.
18:17 of 1st period - Snap shot by Brett Leason.
18:17 of 1st period - Goal by Brett Leason - Eagles : 1 - Griffins : 0.
18:18 of 1st period - Morgan Frost wins face-off versus Sam Steel in neutral zone.
18:33 of 1st period - Slapshot by Anton Blidh.
18:33 of 1st period - Stopped by Devon Levi without a rebound.
18:34 of 1st period - Michael McLeod wins face-off versus Pavel Kraskovsky in Eagles zone.
18:47 of 1st period - Wrist shot by Gabriel Vilardi.
18:47 of 1st period - Stopped by Adam Werner without a rebound.
18:48 of 1st period - Pavel Kraskovsky wins face-off versus Sam Steel in Griffins zone.
18:57 of 1st period - Snap shot by Matthew Phillips.
18:57 of 1st period - Deflect By Sam Steel.
18:57 of 1st period - Stopped by Adam Werner with a rebound.
19:14 of 1st period - Gabriel Vilardi is hit by Jack Studnicka and loses puck.
19:40 of 1st period - Will Cuylle is hit by Zach Aston-Reese and loses puck.
19:47 of 1st period - Snap shot by Pius Suter.
19:47 of 1st period - Deflect By Alex Laferriere.
19:47 of 1st period - Shot Misses the Net.
19:47 of 1st period - Puck is out of play.
19:48 of 1st period - Sam Steel wins face-off versus Pavel Kraskovsky in Griffins zone.
19:51 of 1st period - Slapshot by Matthew Phillips.
19:51 of 1st period - Stopped by Adam Werner without a rebound.
19:52 of 1st period - Grigori Denisenko wins face-off versus Sam Steel in Griffins zone.
19:57 of 1st period - Santeri Hatakka is hit by Yegor Sharangovich and loses puck.
Goals for this period are 1 for Eagles vs 0 for Griffins.
Shots for this period are 9 for Eagles vs 6 for Griffins.

2nd period


0:01 of 2nd period - Pavel Kraskovsky wins face-off versus Sam Steel in neutral zone.
0:19 of 2nd period - Sam Steel is hit by Grigori Denisenko and loses puck.
0:26 of 2nd period - Minor Penalty to Tyler Motte for Roughing.
0:27 of 2nd period - Sam Steel wins face-off versus Pavel Kraskovsky in Eagles zone.
0:38 of 2nd period - Slapshot by Sebastian Ahaut.
0:38 of 2nd period - Shot Blocked by Keaton Middleton.
1:10 of 2nd period - Snap shot by Michael Carcone.
1:10 of 2nd period - Shot Misses the Net.
1:12 of 2nd period - Wrist shot by Michael Carcone.
1:12 of 2nd period - Deflect By Vasili Ponomaryov.
1:12 of 2nd period - Stopped by Adam Werner with a rebound.
1:14 of 2nd period - Snap shot by Michael Carcone.
1:14 of 2nd period - Stopped by Adam Werner with a rebound.
2:26 of 2nd period - Penalty to Tyler Motte is over, Tyler Motte is back on ice.
3:38 of 2nd period - Icing by Mattias Samuelsson.
3:39 of 2nd period - Viktor Lodin wins face-off versus Sam Steel in Eagles zone.
3:40 of 2nd period - Wrist shot by Samuel Poulin.
3:40 of 2nd period - Shot Blocked by Matthew Phillips.
4:07 of 2nd period - Snap shot by Gabriel Vilardi.
4:07 of 2nd period - Shot Misses the Net.
4:09 of 2nd period - Wrist shot by Michael McLeod.
4:09 of 2nd period - Shot Misses the Net.
4:11 of 2nd period - Slapshot by Max Lajoie.
4:11 of 2nd period - Shot Misses the Net.
4:25 of 2nd period - Wrist shot by Anton Blidh.
4:25 of 2nd period - Shot Misses the Net.
4:35 of 2nd period - Slapshot by Pius Suter.
4:35 of 2nd period - Shot Blocked by Philip Broberg.
5:07 of 2nd period - Slapshot by Anton Lundell.
5:07 of 2nd period - Shot Misses the Net.
5:09 of 2nd period - Slapshot by Philip Broberg.
5:09 of 2nd period - Stopped by Devon Levi with a rebound.
5:11 of 2nd period - Slapshot by Brycen Martin.
5:11 of 2nd period - Shot Blocked by Keaton Middleton.
5:20 of 2nd period - Icing by Keaton Middleton.
5:21 of 2nd period - Zach Aston-Reese wins face-off versus Pavel Kraskovsky in Eagles zone.
5:26 of 2nd period - Slapshot by Keaton Middleton.
5:26 of 2nd period - Stopped by Adam Werner without a rebound.
5:27 of 2nd period - Pavel Kraskovsky wins face-off versus Zach Aston-Reese in Griffins zone.
5:45 of 2nd period - Icing by Pius Suter.
5:46 of 2nd period - Jack Studnicka wins face-off versus Pius Suter in Eagles zone.
5:49 of 2nd period - Snap shot by Morgan Frost.
5:49 of 2nd period - Stopped by Devon Levi with a rebound.
6:38 of 2nd period - Off-side.
6:39 of 2nd period - Sam Steel wins face-off versus Pavel Kraskovsky in neutral zone.
6:41 of 2nd period - Minor Penalty to Tyler Motte for Tripping.
6:42 of 2nd period - Sam Steel wins face-off versus Yegor Sharangovich in Eagles zone.
6:48 of 2nd period - Wrist shot by Michael McLeod.
6:48 of 2nd period - Stopped by Adam Werner with a rebound.
6:54 of 2nd period - Snap shot by Anton Blidh.
6:54 of 2nd period - Stopped by Devon Levi without a rebound.
6:55 of 2nd period - Pavel Kraskovsky wins face-off versus Sam Steel in Eagles zone.
7:04 of 2nd period - Wrist shot by Anton Blidh.
7:04 of 2nd period - Stopped by Devon Levi without a rebound.
7:05 of 2nd period - Sam Steel wins face-off versus Pavel Kraskovsky in Eagles zone.
7:38 of 2nd period - Wrist shot by Anton Blidh.
7:38 of 2nd period - Stopped by Devon Levi with a rebound.
8:16 of 2nd period - Snap shot by Anton Blidh.
8:16 of 2nd period - Stopped by Devon Levi without a rebound.
8:17 of 2nd period - Morgan Frost wins face-off versus Sam Steel in Eagles zone.
8:22 of 2nd period - Snap shot by Ian McCoshen.
8:22 of 2nd period - Stopped by Devon Levi without a rebound.
8:23 of 2nd period - Morgan Frost wins face-off versus Michael McLeod in Eagles zone.
8:41 of 2nd period - Penalty to Tyler Motte is over, Tyler Motte is back on ice.
8:54 of 2nd period - Snap shot by Zach Aston-Reese.
8:54 of 2nd period - Shot Misses the Net.
8:56 of 2nd period - Slapshot by Mattias Samuelsson.
8:56 of 2nd period - Stopped by Adam Werner without a rebound.
8:57 of 2nd period - Michael McLeod wins face-off versus Anton Lundell in Griffins zone.
8:58 of 2nd period - Snap shot by Michael Carcone.
8:58 of 2nd period - Stopped by Adam Werner without a rebound.
8:59 of 2nd period - Michael McLeod wins face-off versus Anton Lundell in Griffins zone.
9:25 of 2nd period - Yegor Sharangovich is hit by Sam Steel and loses puck.
9:51 of 2nd period - Justin Barron is hit by Anton Blidh and loses puck.
10:37 of 2nd period - Slapshot by Simon Benoit.
10:37 of 2nd period - Shot Hit the Post.
10:58 of 2nd period - Snap shot by Tyler Motte.
10:58 of 2nd period - Shot Misses the Net.
11:00 of 2nd period - Slapshot by Keaton Middleton.
11:00 of 2nd period - Stopped by Adam Werner with a rebound.
11:02 of 2nd period - Slapshot by Sam Steel.
11:02 of 2nd period - Stopped by Adam Werner without a rebound.
11:03 of 2nd period - Sam Steel wins face-off versus Pavel Kraskovsky in Griffins zone.
11:06 of 2nd period - Snap shot by Matthew Phillips.
11:06 of 2nd period - Shot Misses the Net.
11:35 of 2nd period - Icing by Tyler Motte.
11:36 of 2nd period - Pavel Kraskovsky wins face-off versus Matthew Phillips in Eagles zone.
11:48 of 2nd period - Off-side.
11:49 of 2nd period - Pavel Kraskovsky wins face-off versus Michael McLeod in neutral zone.
11:51 of 2nd period - Off-side.
11:52 of 2nd period - Pavel Kraskovsky wins face-off versus Gabriel Vilardi in neutral zone.
11:55 of 2nd period - Slapshot by Pavel Kraskovsky.
11:55 of 2nd period - Goal by Pavel Kraskovsky - Eagles : 1 - Griffins : 1.
11:56 of 2nd period - Michael McLeod wins face-off versus Pavel Kraskovsky in neutral zone.
12:58 of 2nd period - Minor Penalty to Zach Aston-Reese for Holding.
12:59 of 2nd period - Pavel Kraskovsky wins face-off versus Sam Steel in Eagles zone.
13:04 of 2nd period - Slapshot by Anton Blidh.
13:04 of 2nd period - Stopped by Devon Levi with a rebound.
13:06 of 2nd period - Snap shot by Anton Blidh.
13:06 of 2nd period - Shot Misses the Net.
13:12 of 2nd period - Wrist shot by Anton Blidh.
13:12 of 2nd period - Shot Misses the Net.
13:14 of 2nd period - Wrist shot by Simon Benoit.
13:14 of 2nd period - Shot Misses the Net.
13:24 of 2nd period - Grigori Denisenko is hit by Keaton Middleton.
14:58 of 2nd period - Penalty to Zach Aston-Reese is over, Zach Aston-Reese is back on ice.
15:04 of 2nd period - Zach Aston-Reese is hit by Samuel Poulin and loses puck.
15:57 of 2nd period - Alex Laferriere is hit by Matthew Phillips and loses puck.
16:31 of 2nd period - Grigori Denisenko is hit by Zach Aston-Reese and loses puck.
16:37 of 2nd period - Off-side.
16:38 of 2nd period - Michael McLeod wins face-off versus Morgan Frost in neutral zone.
17:26 of 2nd period - Snap shot by Pavel Kraskovsky.
17:26 of 2nd period - Stopped by Devon Levi with a rebound.
17:28 of 2nd period - Snap shot by Pavel Kraskovsky.
17:28 of 2nd period - Shot Misses the Net.
17:30 of 2nd period - Snap shot by Yegor Sharangovich.
17:30 of 2nd period - Deflect By Pavel Kraskovsky.
17:30 of 2nd period - Shot Misses the Net.
17:30 of 2nd period - Puck is out of play.
17:31 of 2nd period - Michael McLeod wins face-off versus Yegor Sharangovich in Eagles zone.
17:56 of 2nd period - Joonas Lyytinen is hit by Matthew Phillips.
18:45 of 2nd period - Wrist shot by Michael Bunting.
18:45 of 2nd period - Deflect By Keaton Middleton.
18:45 of 2nd period - Shot Misses the Net.
18:45 of 2nd period - Puck is out of play.
18:46 of 2nd period - Michael McLeod wins face-off versus Pavel Kraskovsky in Eagles zone.
18:55 of 2nd period - Slapshot by Gabriel Vilardi.
18:55 of 2nd period - Deflect By Sebastian Ahaut.
18:55 of 2nd period - Shot Misses the Net.
18:55 of 2nd period - Puck is out of play.
18:56 of 2nd period - Michael McLeod wins face-off versus Pavel Kraskovsky in Griffins zone.
19:01 of 2nd period - Snap shot by Michael McLeod.
19:01 of 2nd period - Shot Misses the Net.
19:03 of 2nd period - Wrist shot by Michael Carcone.
19:03 of 2nd period - Shot Blocked by Grigori Denisenko.
19:05 of 2nd period - Snap shot by Michael Carcone.
19:05 of 2nd period - Stopped by Adam Werner without a rebound.
19:06 of 2nd period - Pavel Kraskovsky wins face-off versus Michael McLeod in Griffins zone.
19:11 of 2nd period - Slapshot by Ian McCoshen.
19:11 of 2nd period - Stopped by Devon Levi with a rebound.
19:13 of 2nd period - Wrist shot by Pavel Kraskovsky.
19:13 of 2nd period - Stopped by Devon Levi without a rebound.
19:14 of 2nd period - Michael McLeod wins face-off versus Pavel Kraskovsky in Eagles zone.
19:45 of 2nd period - Snap shot by Anton Blidh.
19:45 of 2nd period - Stopped by Devon Levi without a rebound.
19:46 of 2nd period - Sam Steel wins face-off versus Morgan Frost in Eagles zone.
Goals for this period are 0 for Eagles vs 1 for Griffins.
Shots for this period are 9 for Eagles vs 13 for Griffins.

3rd period


0:01 of 3rd period - Michael McLeod wins face-off versus Pavel Kraskovsky in neutral zone.
0:46 of 3rd period - Santeri Hatakka is hit by Will Cuylle.
0:55 of 3rd period - Wrist shot by Gabriel Vilardi.
0:55 of 3rd period - Shot Misses the Net.
1:06 of 3rd period - Icing by Santeri Hatakka.
1:07 of 3rd period - Pavel Kraskovsky wins face-off versus Michael McLeod in Eagles zone.
1:14 of 3rd period - Snap shot by Michael McLeod.
1:14 of 3rd period - Stopped by Adam Werner with a rebound.
2:06 of 3rd period - Slapshot by Simon Benoit.
2:06 of 3rd period - Shot Misses the Net.
2:08 of 3rd period - Slapshot by Joonas Lyytinen.
2:08 of 3rd period - Stopped by Devon Levi with a rebound.
2:46 of 3rd period - Slapshot by Pavel Kraskovsky.
2:46 of 3rd period - Goal by Pavel Kraskovsky - Eagles : 1 - Griffins : 2.
2:47 of 3rd period - Sam Steel wins face-off versus Pavel Kraskovsky in neutral zone.
3:12 of 3rd period - Pavel Kraskovsky is hit by Tyler Motte and loses puck.
3:19 of 3rd period - Snap shot by Matthew Phillips.
3:19 of 3rd period - Shot Misses the Net.
3:21 of 3rd period - Wrist shot by Tyler Motte.
3:21 of 3rd period - Shot Blocked by Sebastian Ahaut.
3:23 of 3rd period - Snap shot by Tyler Motte.
3:23 of 3rd period - Stopped by Adam Werner without a rebound.
3:24 of 3rd period - Michael McLeod wins face-off versus Anton Blidh in Griffins zone.
3:39 of 3rd period - Wrist shot by Morgan Frost.
3:39 of 3rd period - Shot Misses the Net.
4:12 of 3rd period - Snap shot by Matteson Iacopelli.
4:12 of 3rd period - Shot Misses the Net.
4:16 of 3rd period - Snap shot by Zach Aston-Reese.
4:16 of 3rd period - Shot Misses the Net.
4:18 of 3rd period - Slapshot by Zach Aston-Reese.
4:18 of 3rd period - Shot Blocked by Sebastian Ahaut.
4:32 of 3rd period - Sam Steel is hit by Ian McCoshen and loses puck.
5:21 of 3rd period - Snap shot by Zach Aston-Reese.
5:21 of 3rd period - Shot Blocked by Philip Broberg.
5:41 of 3rd period - Slapshot by Pavel Kraskovsky.
5:41 of 3rd period - Stopped by Devon Levi with a rebound.
6:01 of 3rd period - Slapshot by Simon Benoit.
6:01 of 3rd period - Stopped by Devon Levi with a rebound.
6:03 of 3rd period - Slapshot by Morgan Frost.
6:03 of 3rd period - Deflect By Anton Blidh.
6:03 of 3rd period - Stopped by Devon Levi with a rebound.
6:08 of 3rd period - Icing by Gabriel Vilardi.
6:09 of 3rd period - Michael McLeod wins face-off versus Pavel Kraskovsky in Eagles zone.
6:40 of 3rd period - Snap shot by Michael McLeod.
6:40 of 3rd period - Shot Blocked by Simon Benoit.
6:42 of 3rd period - Backhand shot by Santeri Hatakka.
6:42 of 3rd period - Stopped by Adam Werner with a rebound.
6:44 of 3rd period - Wrist shot by Michael McLeod.
6:44 of 3rd period - Goal by Michael McLeod - Eagles : 2 - Griffins : 2.
6:45 of 3rd period - Morgan Frost wins face-off versus Sam Steel in neutral zone.
6:54 of 3rd period - Slapshot by Sam Steel.
6:54 of 3rd period - Deflect By Morgan Frost.
6:54 of 3rd period - Shot Blocked by Sebastian Ahaut.
6:54 of 3rd period - Puck is out of play.
6:55 of 3rd period - Sam Steel wins face-off versus Morgan Frost in Griffins zone.
6:56 of 3rd period - Wrist shot by Matthew Phillips.
6:56 of 3rd period - Shot Misses the Net.
6:58 of 3rd period - Snap shot by Matthew Phillips.
6:58 of 3rd period - Shot Misses the Net.
7:00 of 3rd period - Slapshot by Keaton Middleton.
7:00 of 3rd period - Deflect By Matthew Phillips.
7:00 of 3rd period - Shot Blocked by Morgan Frost.
7:00 of 3rd period - Puck is out of play.
7:01 of 3rd period - Pavel Kraskovsky wins face-off versus Sam Steel in Griffins zone.
7:05 of 3rd period - Off-side.
7:06 of 3rd period - Pavel Kraskovsky wins face-off versus Sam Steel in neutral zone.
7:41 of 3rd period - Backhand shot by Sebastian Ahaut.
7:41 of 3rd period - Stopped by Devon Levi without a rebound.
7:42 of 3rd period - Michael McLeod wins face-off versus Pavel Kraskovsky in Eagles zone.
8:25 of 3rd period - Slapshot by Pavel Kraskovsky.
8:25 of 3rd period - Goal by Pavel Kraskovsky - Eagles : 2 - Griffins : 3.
8:26 of 3rd period - Sam Steel wins face-off versus Morgan Frost in neutral zone.
8:53 of 3rd period - Mattias Samuelsson is hit by Sebastian Ahaut and loses puck.
8:58 of 3rd period - Snap shot by Viktor Lodin.
8:58 of 3rd period - Stopped by Devon Levi without a rebound.
8:59 of 3rd period - Viktor Lodin wins face-off versus Michael McLeod in Eagles zone.
9:12 of 3rd period - Slapshot by Keaton Middleton.
9:12 of 3rd period - Stopped by Adam Werner with a rebound.
9:14 of 3rd period - Slapshot by Keaton Middleton.
9:14 of 3rd period - Stopped by Adam Werner with a rebound.
9:28 of 3rd period - Icing by Kevin Bahl.
9:29 of 3rd period - Pavel Kraskovsky wins face-off versus Zach Aston-Reese in Eagles zone.
9:40 of 3rd period - Wrist shot by Matteson Iacopelli.
9:40 of 3rd period - Deflect By Sebastian Ahaut.
9:40 of 3rd period - Shot Misses the Net.
9:40 of 3rd period - Puck is out of play.
9:41 of 3rd period - Morgan Frost wins face-off versus Sam Steel in Griffins zone.
9:46 of 3rd period - Slapshot by Tyler Motte.
9:46 of 3rd period - Shot Misses the Net.
10:02 of 3rd period - Minor Penalty to Ian McCoshen for Holding.
10:03 of 3rd period - Anton Lundell wins face-off versus Michael McLeod in Griffins zone.
11:40 of 3rd period - Slapshot by Pavel Kraskovsky.
11:40 of 3rd period - Shot Misses the Net.
12:02 of 3rd period - Penalty to Ian McCoshen is over, Ian McCoshen is back on ice.
13:08 of 3rd period - Vasili Ponomaryov is hit by Viktor Lodin and loses puck.
13:29 of 3rd period - Kevin Bahl is hit by Brycen Martin.
13:45 of 3rd period - Wrist shot by Pavel Kraskovsky.
13:45 of 3rd period - Shot Misses the Net.
14:45 of 3rd period - Snap shot by Vasili Ponomaryov.
14:45 of 3rd period - Shot Blocked by Ian McCoshen.
14:47 of 3rd period - Wrist shot by Elmer Soderblom.
14:47 of 3rd period - Deflect By Sebastian Ahaut.
14:47 of 3rd period - Stopped by Adam Werner with a rebound.
15:17 of 3rd period - Max Lajoie is hit by Brycen Martin and loses puck.
15:37 of 3rd period - Zach Aston-Reese is hit by Pavel Kraskovsky and loses puck.
16:05 of 3rd period - Alex Laferriere is hit by Justin Barron and loses puck.
16:34 of 3rd period - Minor Penalty to Michael Bunting for Tripping.
16:35 of 3rd period - Anton Lundell wins face-off versus Zach Aston-Reese in Griffins zone.
17:07 of 3rd period - Snap shot by Gabriel Vilardi.
17:07 of 3rd period - Stopped by Adam Werner without a rebound.
17:08 of 3rd period - Anton Lundell wins face-off versus Michael McLeod in Griffins zone.
18:32 of 3rd period - Ian McCoshen is hit by Justin Barron and loses puck.
18:34 of 3rd period - Penalty to Michael Bunting is over, Michael Bunting is back on ice.
19:13 of 3rd period - Snap shot by Michael Bunting.
19:13 of 3rd period - Shot Misses the Net.
19:15 of 3rd period - Wrist shot by Michael Bunting.
19:15 of 3rd period - Shot Misses the Net.
19:17 of 3rd period - Slapshot by Jack Studnicka.
19:17 of 3rd period - Stopped by Devon Levi with a rebound.
19:19 of 3rd period - Slapshot by Ian McCoshen.
19:19 of 3rd period - Stopped by Devon Levi without a rebound.
19:20 of 3rd period - Joël Bouchard call a timeout for Eagles.
19:20 of 3rd period - Michael Bunting wins face-off versus Michael McLeod in Eagles zone.
19:29 of 3rd period - Wrist shot by Alex Laferriere.
19:29 of 3rd period - Stopped by Devon Levi without a rebound.
19:30 of 3rd period - Michael McLeod wins face-off versus Alex Laferriere in Eagles zone.
19:37 of 3rd period - Eagles, Devon Levi is pulled from the net.
19:39 of 3rd period - Slapshot by Gabriel Vilardi.
19:39 of 3rd period - Deflect By Michael McLeod.
19:39 of 3rd period - Shot Blocked by Michael Bunting.
19:39 of 3rd period - Puck is out of play.
19:40 of 3rd period - Alex Laferriere wins face-off versus Michael McLeod in Griffins zone.
19:51 of 3rd period - Michael Bunting is hit by Santeri Hatakka and loses puck.
Goals for this period are 1 for Eagles vs 2 for Griffins.
Shots for this period are 8 for Eagles vs 11 for Griffins.